 Dungeon Crawl Stone Soup version 0.27-a0-1416-g941b2bd30b (webtiles) character file.

Game seed: 16143114936471499526

233 bande the Covered (level 6, 0/41 HPs)
             Began as a Gargoyle Fighter on July 1, 2021.
             Slain by a wight (3 damage)
             ... on level 5 of the Dungeon.
             The game lasted 00:05:18 (2819 turns).

bande the Covered (Gargoyle Fighter)                Turns: 2819, Time: 00:05:19

Health: 0/41       AC: 21    Str: 21    XL:     6   Next: 5%
Magic:  6/6        EV:  4    Int:  8    God:
Gold:   105        SH:  9    Dex: 12    Spells: 5/5 levels left

rFire    . . .     SeeInvis +   a - +1 war axe
rCold    . . .     Faith    .   c - +0 kite shield
rNeg     + . .     Spirit   .   m - +0 plate armour
rPois    ∞         Reflect  .   (no helmet)
rElec    +         Harm     .   (no cloak)
rCorr    +         Rampage  .   l - +0 pair of gloves
Will     +....                  e - +3 pair of boots "Unengonet" {Dex+2}
Stlth    ..........             (no amulet)
HPRegen  0.13/turn              k - ring of resist corrosion
MPRegen  0.10/turn              (no ring)

@: brilliant
A: sickness immunity, AC +4, negative energy resistance 1, electricity
resistance, torment resistance 1, petrification resistance, see invisible,
strong-willed 1, robust 1
a: no special abilities


You were on level 5 of the Dungeon.
You visited 1 branch of the dungeon, and saw 4 of its levels.

You collected 105 gold pieces.

Inventory:

Hand Weapons
 a - a +1 war axe (weapon)
Armour
 c - a +0 kite shield (worn)
 e - the +3 pair of boots "Unengonet" (worn) {Dex+2}
   (You acquired it on level 1 of the Dungeon)

   Dex:       It affects your dexterity (+2).
 l - a +0 pair of gloves (worn)
 m - a +0 plate armour (worn)
Jewellery
 k - a ring of resist corrosion (left hand)
Scrolls
 f - 4 scrolls of identify {unknown}
 i - a scroll of noise {unknown}
 j - 2 scrolls of teleportation
 n - a scroll of vulnerability {unknown}
 o - a scroll of fog {unknown}
Potions
 d - a potion of might
 g - a potion of attraction
 h - a potion of brilliance


   Skills:
 + Level 4.0 Fighting
 + Level 3.9 Axes
 + Level 4.2 Armour
 + Level 1.1 Dodging
 + Level 4.1 Shields


You had 5 spell levels left.
You didn't know any spells.
Your spell library contained the following spells:

 Spells                   Type           Power      Damage    Failure   Level
 Summon Forest            Summ/Tloc      0%         N/A       100%        5
 Summon Mana Viper        Hex/Summ       0%         N/A       100%        5
 Shadow Creatures         Summ           N/A        N/A       100%        6


Dungeon Overview and Level Annotations

Branches:
Dungeon (3/15)

Altars:

Shops:
D:2 [


Innate Abilities, Weirdness & Mutations

You are immune to sickness and miasma.
Your stone body is resilient. (AC +4)
You are immune to poison.
You resist negative energy. (rN+)
You are resistant to electric shocks. (rElec)
You are resistant to unholy torment.
You are immune to petrification.
You have supernaturally acute eyesight. (SInv)
You are strong-willed. (Will+)
You are robust. (+10% HP)


Message History

Increase (S)trength, (I)ntelligence, or (D)exterity?
You feel stronger.
It was a potion of mutation.
You feel extremely strange.
You feel robust.
You feel strong-willed.
Your vision sharpens.
The wight hits you but does no damage.
It was a potion of brilliance.
You feel clever all of a sudden. The wight completely misses you.
You hit the wight.
The wight is moderately damaged.
You block the wight's attack. The wight hits you with a +0 hand axe.
* * * LOW HITPOINT WARNING * * *
You hit the wight.
The wight is heavily damaged.
The wight hits you but does no damage.
You closely miss the wight.
The wight is heavily damaged.
You block the wight's attack. The wight hits you but does no damage.
You barely miss the wight.
The wight is heavily damaged.
The wight hits you but does no damage.
You hit the wight.
The wight is heavily damaged.
The wight hits you but does no damage. The wight hits you with a +0 hand axe.
* * * LOW HITPOINT WARNING * * *
You hit the wight but do no damage.
The wight is heavily damaged.
The wight hits you but does no damage.
You barely miss the wight.
The wight is heavily damaged.
The wight hits you with a +0 hand axe.
* * * LOW HITPOINT WARNING * * *
The wight hits you but does no damage.
You barely miss the wight.
The wight is heavily damaged.
The wight barely misses you.
You hit the wight but do no damage.
The wight is heavily damaged.
The wight hits you but does no damage. The wight hits you with a +0 hand axe.
You die...

.....# ....# # ...# . .
###### ..# .# .. )....#
# #.####.#...
.###.##.######..........
................:.......
..##.#######....@z......
##..............))....##
#.#.#######..######..#
.8.#.# #..# .# .. #.#
#..# .. ..# #..# . ..#
#..# 8 #!.# #..# ##.
#..#


You could see a wight.

Vanquished Creatures
  2 wights (D:5)
  An orc priest (D:3)
  An orc wizard (D:3)
  2 adders (D:2)
  3 dart slugs
  5 orcs
  7 ball pythons
  3 endoplasms
  2 giant cockroaches (D:1)
  7 goblins
  6 hobgoblins
  6 jackals
  2 quokkas (D:3)
  4 bats
  2 frilled lizards (D:1)
  5 kobolds
  5 rats
63 creatures vanquished.

Vanquished Creatures (others)
  2 plants (D:2)
2 creatures vanquished.

Grand Total: 65 creatures vanquished

Notes
Turn   | Place    | Note
-------+----------+-------------------------------------------
     0 | D:1      | bande the Gargoyle Fighter began the quest for the Orb.
     0 | D:1      | Reached XP level 1. HP: 14/14 MP: 1/1
    60 | D:1      | Identified a scroll of acquirement
    60 | D:1      | Acquired the +3 pair of boots "Unengonet" {Dex+2}
   120 | D:1      | Reached XP level 2. HP: 7/19 MP: 2/2
   761 | D:1      | Reached XP level 3. HP: 23/23 MP: 3/3
  1256 | D:2      | Found a faded altar of an unknown god.
  1358 | D:2      | Reached XP level 4. HP: 28/28 MP: 4/4
  1534 | D:2      | Found Noox's Antique Armour Shop.
  2291 | D:3      | Reached skill level 1 in Dodging
  2296 | D:3      | Reached XP level 5. HP: 16/33 MP: 5/5
  2781 | D:3      | You fall into a shaft and drop 2 floors!
  2781 | D:5      | Entered Level 5 of the Dungeon
  2809 | D:5      | Reached XP level 6. HP: 5/38 MP: 6/6
  2809 | D:5      | Gained mutation: You are robust. (+10% HP) [potion of
                  | mutation]
  2809 | D:5      | Gained mutation: You are strong-willed. (Will+) [potion of
                  | mutation]
  2809 | D:5      | Gained mutation: You have supernaturally acute eyesight.
                  | (SInv) [potion of mutation]
  2819 | D:5      | Slain by a wight

Illustrated notes

Levels and vault maps discovered:
D:1:      dpeg_arrival_orchard, layout_basic
D:2:      layout_loops_ring, hellmonk_ecumenical_altar_run_dry, serial_shops,
          nicolae_shop_temple_entry_statues_fountains, roderic_serpentine_path,
          grunt_decor_junction, serial_bayou_pond_e, minmay_misc_feat_ornament
D:3:      layout_basic
D:5:      layout_basic, minitemple

Skill      XL: |  1  2  3  4  5 |
---------------+----------------+-----
Axes           | 2 3 |  3.9
Dodging        | 1 |  1.1
Armour         | 4 |  4.2
Shields        | 4 |  4.1
Fighting       | 4 |  4.0

Action                   |  1- 3 |  4- 6 || total
-------------------------+-------+-------++-------
Melee: War axe           |    98 |    87 ||   185
  Use: Scroll            |     5 |       ||     5
       Potion            |     1 |     2 ||     3
Armor: Scale mail        |    68 |    19 ||    87
       Plate armour      |       |    48 ||    48
Dodge: Dodged            |    49 |    14 ||    63
Block: Kite shield       |    67 |    48 ||   115

Table legend: (Time is in decaauts)
 A = Elapsed time spent in this place.
 B = Non-inter-level travel time spent in this place.
 C = Inter-level travel time spent in this place.
 D = Time resting spent in this place.
 E = Time spent auto-exploring this place.
 F = Levels seen in this place.
 G = Mean time per level.
                   A        B        C        D        E       F      G
               +--------+--------+--------+--------+--------+-----+--------+
         Total |   2930 |   2911 |     19 |    541 |   1718 |   4 |  732.5 |
       Dungeon |   2930 |   2911 |     19 |    541 |   1718 |   4 |  732.5 |
               +--------+--------+--------+--------+--------+-----+--------+

Top non-repeatable levels by time:
     D:1: 1200 daAuts
     D:2: 1057 daAuts
     D:3: 624 daAuts
     D:5: 47 daAuts
